 Dungeon Crawl Stone Soup version 0.29.1-15-g9cfb28693d (webtiles) character file.

Game seed: 16512955373302763852

2 squidlow the Grave Robber (level 1, 0/10 HPs)
             Began as a Deep Elf Necromancer on Feb 21, 2023.
             Slain by a kobold
             ... wielding a +0 short sword
              (3 damage)
             ... on level 1 of the Dungeon.
             The game lasted 00:03:24 (95 turns).

squidlow the Grave Robber (Deep Elf Necromancer)      Turns: 95, Time: 00:03:25

Health: 0/10       AC:  2    Str:  5    XL:     1   Next: 25%
Magic:  2/6        EV: 12    Int: 19    God:
Gold:   0          SH:  0    Dex: 15    Spells: 5/6 levels left

rFire   . . .      SeeInvis .   (no weapon)
rCold   . . .      Faith    .   (no shield)
rNeg    . . .      Spirit   .   a - +0 robe
rPois   .          Reflect  .   (no helmet)
rElec   .          Harm     .   (no cloak)
rCorr   .          Rampage  .   (no gloves)
Will    .....                   (no boots)
Stlth   ++........              (no amulet)
HPRegen 0.03/turn               (no ring)
MPRegen 0.10/turn               (no ring)

@: no status effects
A: no striking features
a: no special abilities


You were on level 1 of the Dungeon.
You visited 1 branch of the dungeon, and saw 1 of its levels.

Inventory:

Armour
 a - a +0 robe (worn)
Scrolls
 c - a scroll of brand weapon {unknown}
 d - a scroll of immolation {unknown}
 e - a scroll of poison {unknown}
Potions
 b - a potion of magic


   Skills:
 + Level 2.4 Dodging
 + Level 2.4 Stealth
 + Level 3.0 Spellcasting
 + Level 4.9 Necromancy


You had 5 spell levels left.
You knew the following spells:

 Your Spells              Type           Power      Damage    Failure   Level
a - Necrotise             Necr           84%        1d8       1%          1

Your spell library contained the following spells:

 Spells                   Type           Power      Damage    Failure   Level
 Vampiric Draining        Necr           21%        2d7       6%          3
 Animate Dead             Necr           21%        N/A       21%         4
 Agony                    Necr           21%        N/A       50%         5


Dungeon Overview and Level Annotations

Branches:
Dungeon (1/15)

Altars:


Message History

Confirm with . or Enter, or press ? or * to list all spells.
Aiming: Necrotise (safe; 1% risk of failure)
Press: ? - help, Shift-Dir - straight line, f/p - hobgoblin
Aim: a hobgoblin (moderately wounded, ally target, chance to affect: 90%)
The hobgoblin barely resists.
The hobgoblin misses you.
Your ball python skeleton closely misses the hobgoblin.
Your ball python skeleton barely misses the hobgoblin.
Casting: Necrotise (safe; 1% risk of failure)
Confirm with . or Enter, or press ? or * to list all spells.
Aiming: Necrotise (safe; 1% risk of failure)
Press: ? - help, Shift-Dir - straight line, f/p - hobgoblin
Aim: a hobgoblin (moderately wounded, ally target, chance to affect: 90%)
The hobgoblin writhes in agony.
The hobgoblin closely misses you.
Your ball python skeleton bites the hobgoblin but does no damage.
Your ball python skeleton grabs the hobgoblin.
Your ball python skeleton constricts the hobgoblin.
Casting: Necrotise (safe; 1% risk of failure)
Confirm with . or Enter, or press ? or * to list all spells.
Aiming: Necrotise (safe; 1% risk of failure)
Press: ? - help, Shift-Dir - straight line, f/p - hobgoblin
Aim: a hobgoblin (heavily wounded, constricted by your ball python skeleton, ally target, chance to affect: 90%)
The hobgoblin writhes in agony.
You kill the hobgoblin!
The dead are walking!
Found 15 gold pieces.
A kobold comes into view. It is wielding a +0 short sword.
The kobold shouts!
You see here 15 gold pieces.
You swap places.
Something hits your hobgoblin skeleton. Something hits your hobgoblin skeleton.
Your hobgoblin skeleton is destroyed!
The kobold throws a stone.
The stone misses you. The kobold completely misses you.
The kobold hits you with a +0 short sword.
* * * LOW HITPOINT WARNING * * *
You see here 15 gold pieces.
You hit the kobold but do no damage.
The kobold hits you with a +0 short sword.
You die...

#.# #.#
#.# #.#
#.#
#.########
#.........
#Z########
#@K......
#########


You could see a kobold (ally target) and a friendly ball python skeleton.

Vanquished Creatures
  A hobgoblin (D:1)
  A ball python (D:1)
2 creatures vanquished.

Notes
Turn   | Place    | Note
-------+----------+-------------------------------------------
     0 | D:1      | squidlow the Deep Elf Necromancer began the quest for the
                  | Orb.
     0 | D:1      | Reached XP level 1. HP: 10/10 MP: 6/6
    33 | D:1      | Noticed a shining eye
    40 | D:1      | Found a faded altar of an unknown god.
    43 | D:1      | Noticed a shining eye
    43 | D:1      | Noticed a floating eye
    43 | D:1      | Noticed a shining eye
    95 | D:1      | Slain by a kobold

Illustrated notes

Levels and vault maps discovered:
D:1:      pf_arrival_petrified_forest, layout_loops_ring, serial_forest,
          infiniplex_forest_straight_4, infiniplex_forest_clump_curved,
          infiniplex_forest_straight_5, infiniplex_forest_clump_curved,
          infiniplex_forest_lined_2, infiniplex_forest_lined_2,
          infiniplex_forest_straight_4, infiniplex_forest_lined_2,
          hellmonk_ecumenical_altar_watching_god

Action                   || total
-------------------------++-------
Melee: Unarmed           ||     1
 Cast: Necrotise         ||     7
Dodge: Dodged            ||     6
